 Seeded DCSS version 0.31-a0-4-gefa6de2278 (webtiles) character file.

Game seed: 9909445277333701623 (custom seed)

511 Pimp the Poker (level 7, -11/53 HPs)
             Began as a Merfolk Gladiator on May 3, 2023.
             Mangled by an ogre
             ... wielding a +0 giant club
              (16 damage)
             ... on level 4 of the Dungeon.
             The game lasted 00:06:38 (2620 turns).

Pimp the Poker (Merfolk Gladiator)                  Turns: 2620, Time: 00:06:38

Health: -11/53     AC:  7    Str: 16    XL:     7   Next: 19%
Magic:  7/7        EV: 11    Int:  8    God:
Gold:   142        SH:  0    Dex: 15    Spells: 6/6 levels left

rFire   . . .        f - +3 demon trident (elec)
rCold   . . .        (no shield)
rNeg    . . .        g - +0 scale mail
rPois   .            c - +0 helmet
rElec   .            (no cloak)
rCorr   .            (no gloves)
SInv    .            (no boots)
Will    +....        (no amulet) Stlth
                     h - ring of willpower
HPRegen 0.28/turn    p - ring of flight
MPRegen 0.10/turn

%: no passive effects
@: flying
A: (nimble swimmer 2), mertail
a: no special abilities


You were on level 4 of the Dungeon.
You visited 1 branch of the dungeon, and saw 4 of its levels.

You collected 142 gold pieces.

Inventory:

Hand Weapons
 a - a +0 trident
 f - a +3 demon trident of electrocution (weapon)
Missiles
 d - 3 throwing nets (quivered)
 e - 5 javelins
Armour
 b - a +0 leather armour
 c - a +0 helmet (worn)
 g - a +0 scale mail (worn)
Jewellery
 h - a ring of willpower (left hand)
 p - a ring of flight (right hand)
Wands
 u - a wand of mindburst (14)
Scrolls
 l - a scroll of silence {unknown}
 r - a scroll of teleportation {unknown}
 s - a scroll of identify
 t - a scroll of enchant armour {unknown}
Potions
 i - a potion of cancellation
 j - 2 potions of ambrosia {unknown}
 k - a potion of mutation {unknown}
 m - a potion of heal wounds {unknown}
 n - a potion of haste {unknown}
 o - a potion of attraction {unknown}
 q - 2 potions of magic {unknown}


   Skills:
 - Level 3.8 Fighting
 + Level 7.5 Polearms
 - Level 3.4 Throwing
 - Level 1.3 Armour
 - Level 5.5 Dodging


You had 6 spell levels left.
You didn't know any spells.
Your spell library contained the following spells:

 Spells                   Type           Power      Damage    Failure   Level
 Inner Flame              Hex/Fire       0%         N/A       99%         3
 Flame Wave               Conj/Fire      0%         2d4       100%        4
 Sticky Flame             Conj/Fire      0%         2d3       100%        4


Dungeon Overview and Level Annotations

Branches:
Dungeon (4/15)
 Temple: D:4-7

Altars:
Zin


Innate Abilities, Weirdness & Mutations

((You are very nimble when in or above water. (Stealth+, EV+, Speed+++)))
Your lower body shifts to a powerful aquatic tail in water.


Message History

Your Polearms skill increases to level 7!
You have reached level 7!
You reach down and open the door.
Found a glowing silver altar of Zin.
Found a gold piece.
There is an open door here.
There is an open door here.
You reach down and open the door.
A scorpion comes into view.
Found a scroll of identify.
There is an open door here.
A scorpion is nearby!
The scorpion barely misses you.
You hit the scorpion. Lightning courses through the scorpion!
The scorpion is almost dead.
The scorpion barely misses you.
You puncture the scorpion!
You kill the scorpion!
You see here a scorpion corpse.
An ogre comes into view. It is wielding a +0 giant club.
An ogre is nearby!
The ogre hits you with a +0 giant club!!
Ouch! That really hurt!
You hear a shout!
You puncture the ogre!
The ogre is moderately wounded.
The ogre barely misses you.
You barely miss the ogre.
The ogre is moderately wounded.
A hobgoblin comes into view.
The hobgoblin shouts!
You hit the ogre but do no damage.
The ogre is moderately wounded.
The ogre hits you with a +0 giant club!
* * * LOW HITPOINT WARNING * * *
You barely miss the ogre.
The ogre is moderately wounded.
It was a potion of cancellation.
You feel magically purged. The ogre hits you with a +0 giant club!
You die...

########....#
###....####
.......†....#
#....#
#...........#
#....#
#####.......#
#....#
#.......#
#....#
#.......#
#....#
#..?....##
#####....#
#.@..# #..O.+
+...g#
#......
#####...
..... ....
....


You could see an ogre and a hobgoblin.

Vanquished Creatures
  A black bear (D:3)
  A scorpion (D:4)
  2 hounds
  Jessica (D:3)
  Terence (D:3)
  A sleepcap (D:3)
  9 adders
  3 gnolls (D:2)
  4 worms
  2 dart slugs (D:3)
  7 orcs (D:3)
  3 ball pythons (D:1)
  4 endoplasms
  3 giant cockroaches
  7 goblins
  10 hobgoblins
  10 jackals
  2 quokkas (D:3)
  8 bats
  2 frilled lizards (D:3)
  5 kobolds
  7 rats
93 creatures vanquished.

Notes
Turn   | Place    | Note
-------+----------+-------------------------------------------
     0 | D:1      | Pimp the Merfolk Gladiator began the quest for the Orb.
     0 | D:1      | Reached XP level 1. HP: 16/16 MP: 1/1
   168 | D:1      | Identified a scroll of acquirement
   168 | D:1      | Acquired a +3 demon trident of electrocution
   184 | D:1      | Reached XP level 2. HP: 7/23 MP: 2/2
   457 | D:1      | Reached XP level 3. HP: 24/28 MP: 3/3
   868 | D:2      | Reached XP level 4. HP: 30/35 MP: 4/4
  1205 | D:2      | Found a faded altar of an unknown god.
  1545 | D:3      | Reached skill level 5 in Polearms
  1545 | D:3      | Reached skill level 5 in Dodging
  1545 | D:3      | Reached XP level 5. HP: 38/41 MP: 5/5
  1695 | D:3      | Reached skill level 1 in Armour
  1778 | D:3      | Noticed a black bear
  1791 | D:3      | Killed a black bear
  1792 | D:3      | Reached XP level 6. HP: 44/48 MP: 6/6
  1911 | D:3      | Noticed Jessica
  1913 | D:3      | Killed Jessica
  1919 | D:3      | Reached skill level 6 in Polearms
  2034 | D:3      | Noticed Terence
  2039 | D:3      | Killed Terence
  2586 | D:4      | Reached skill level 7 in Polearms
  2586 | D:4      | Reached XP level 7. HP: 53/53 MP: 7/7
  2596 | D:4      | Found a glowing silver altar of Zin.
  2620 | D:4      | Mangled by an ogre

Illustrated notes

Levels and vault maps discovered:
D:1:      psy_arrival_radial01, layout_rooms, chequers_hall_statues_wall_a,
          supply_closet_lemuel
D:2:      layout_basic, hellmonk_ecumenical_altar_arch_garden
D:3:      minmay_angry_zag, layout_basic, st_stairs_13, hellmonk_no_cap,
          uniq_jessica, uniq_terence
D:4:      layout_gridville, pdpol_temple_overflow_zin_treasury_gozag_greed,
          nrook_campfire

Skill      XL: |  1  2  3  4  5  6 |
---------------+-------------------+-----
Fighting       | 3 |  3.8
Polearms       | 5 7 |  7.5
Throwing       | 3 |  3.4
Dodging        | 5 |  5.5
Armour         | 1 |  1.3

Action                     |  1- 3 |  4- 6 |  7- 9 || total
---------------------------+-------+-------+-------++-------
  Melee: Trident           |    20 |       |       ||    20
         Demon trident     |    70 |   136 |     6 ||   212
    Use: Scroll            |     3 |       |       ||     3
         Potion            |       |       |     1 ||     1
 Armour: Leather armour    |     9 |       |       ||     9
         Scale mail        |    14 |    71 |       ||    85
  Dodge: Dodged            |    55 |    79 |     3 ||   137

Table legend: (Time is in decaauts)
 A = Elapsed time spent in this place.
 B = Non-inter-level travel time spent in this place.
 C = Inter-level travel time spent in this place.
 D = Time resting spent in this place.
 E = Time spent auto-exploring this place.
 F = Levels seen in this place.
 G = Mean time per level.
                   A        B        C        D        E       F      G
               +--------+--------+--------+--------+--------+-----+--------+
         Total |   2628 |   2582 |     46 |    212 |   1727 |   4 |  657.0 |
       Dungeon |   2628 |   2582 |     46 |    212 |   1727 |   4 |  657.0 |
               +--------+--------+--------+--------+--------+-----+--------+

Top non-repeatable levels by time:
     D:3: 852 daAuts
     D:2: 740 daAuts
     D:1: 716 daAuts
     D:4: 319 daAuts
